 Dungeon Crawl Stone Soup version 0.30-b1-2-g02819fbbbe (webtiles) character file.

Game seed: 2273661799109794642

4 ketsa the Covered (level 1, 19/19 HPs)
             Began as an Armataur Fighter on May 13, 2023.
             Was a Follower of Kikubaaqudgha.
             Got out of the dungeon alive.
             The game lasted 00:00:49 (230 turns).

ketsa the Covered (Armataur Fighter)                 Turns: 230, Time: 00:00:50

Health: 19/19      AC:  7    Str: 21    XL:     1   Next: 58%
Magic:  1/1        EV:  7    Int:  8    God:    Kikubaaqudgha [*.....]
Gold:   11         SH:  4    Dex:  9    Spells: 0/0 levels left

rFire   . . .        a - +0 flail
rCold   . . .        c - +0 buckler
rNeg    . . .        b - +0 scale mail
rPois   .            (no helmet)
rElec   .            (no cloak)
rCorr   .            (no gloves)
SInv    .            (no barding)
Will    .....        (no amulet) Stlth
                     (no ring)
HPRegen 0.23/turn    (no ring)
MPRegen 0.07/turn

%: roll
@: no status effects
A: large, rugged brown scales 3, deformed body, armoured tail, roll, long
tongue, awkward tongue
a: Renounce Religion, Unearth Wretches


You escaped.
You worshipped Kikubaaqudgha.
Kikubaaqudgha was aware of your devotion.
You visited 1 branch of the dungeon, and saw 1 of its levels.

You collected 11 gold pieces.

Inventory:

Hand Weapons
 a - a +0 flail (weapon)
Armour
 b - a +0 scale mail (worn)
 c - a +0 buckler (worn)
Jewellery
 i - an amulet of faith
Scrolls
 e - a scroll of blinking {unknown}
 h - a scroll of enchant armour {unknown}
Potions
 d - a potion of might
 f - a potion of degeneration {unknown}
 g - a potion of brilliance {unknown}


   Skills:
 + Level 2.7 Fighting
 + Level 1.9 Maces & Flails
 + Level 3.7 Armour
 + Level 3.3 Shields


You couldn't memorise any spells.
You didn't know any spells.
Your spell library contained the following spells:

 Spells                   Type           Power      Damage    Failure   Level
 Necrotise                Necr           0%         1d4       82%         1
 Cigotuvi's Dreadful Rot  Necr/Pois/Air  0%         N/A       91%         2
 Vampiric Draining        Necr           0%         2d6       99%         3
 Animate Dead             Necr           0%         N/A       100%        4


Dungeon Overview and Level Annotations

Branches:
Dungeon (1/15)

Altars:
Kikubaaqudgha


Innate Abilities, Weirdness & Mutations

You are completely covered in rugged brown scales. (AC +3, +7% HP)
Armour fits poorly on your strangely shaped body.
You have a long armoured tail.
You roll when moving toward enemies. (Rampage)
Your long tongue fully drains potion bottles. (2x potion effects)
Your tongue gives you trouble enunciating. (1.5x scroll delay)


Message History

The rat is moderately wounded.
The rat bites you but does no damage. The rat bites you.
You hit the rat.
You kill the rat!
A bat comes into view.
The bat hits you but does no damage. x2
There is an open door here.
You see here a rat corpse.
The bat barely misses you. The bat closely misses you.
You roll towards the bat!
You hit the bat.
You kill the bat!
There is an open door here.
Things that are here:
a bat corpse; a rat corpse
There is an open door here.
Things that are here:
a bat corpse; a rat corpse
Found an escape hatch in the floor.
A rat comes into view.
You roll towards the rat!
The rat bites you but does no damage.
You hit the rat.
You kill the rat!
You open the door.
There is an open door here.
There is a faded altar of an unknown god here.
This altar belongs to (a) Gozag, (b) Ru or (c) Kikubaaqudgha, but you can't tell which.
Press the corresponding letter to learn more about a god, or press enter to convert or escape to cancel.
Kikubaaqudgha accepts your prayer! Kikubaaqudgha welcomes you!
You can now bring forth the wretched and dying.
Kikubaaqudgha grants you a gift!
You add the spells Necrotise, Cigotuvi's Dreadful Rot, Vampiric Draining and Animate Dead to your library.
You don't have enough magic capacity.
You open the door.
There is an open door here.
There is a staircase leading out of the dungeon here.
Are you sure you want to leave the Dungeon?
This will make you lose the game!
Uppercase [Y]es or [N]o only, please.
Are you sure you want to leave the Dungeon?
This will make you lose the game!
You have escaped!

.# ##.#.##....#.....#
.#
##....##.######...##
^#
##..#####.##........#
.# #..##
#.##.#####.## ^#
#.#######.##.......#
##
##.#.......###.######
# ##..##########..# #
#.........# #...#
###.).......# ##@##
..'.........# ###
.##.........#
###.........# #
#.........#
###########


There were no monsters in sight!

Vanquished Creatures
  3 bats (D:1)
  A goblin (D:1)
  2 rats (D:1)
6 creatures vanquished.

Notes
Turn   | Place    | Note
-------+----------+-------------------------------------------
     0 | D:1      | ketsa the Armataur Fighter began the quest for the Orb.
     0 | D:1      | Reached XP level 1. HP: 19/19 MP: 1/1
   119 | D:1      | Found a faded altar of an unknown god.
   194 | D:1      | Prayed at the altar of an unknown god.
   194 | D:1      | Became a worshipper of Kikubaaqudgha
   194 | D:1      | Reached * piety under Kikubaaqudgha
   194 | D:1      | Received a gift from Kikubaaqudgha
   230 | D:$      | Got out of the dungeon alive.

Illustrated notes

Levels and vault maps discovered:
D:1:      saegor_arrival_simple_a, layout_basic, ebering_ecumenical_altar_webs,
          minmay_misc_feat_roman

Action                     || total
---------------------------++-------
  Melee: Flail             ||    21
         Tailslap          ||     1
 Armour: Scale mail        ||    15
  Dodge: Dodged            ||    12
  Block: Buckler           ||     3
